 Dungeon Crawl Stone Soup version 0.19-a0-1019-g9c6a58d (webtiles) character file.

138 inmateoo the Cudgeler (level 5, -3/39 HPs)
             Began as a Demonspawn Gladiator on July 26, 2016.
             Killed by divine providence
             ... invoked by an orc priest
              (8 damage)
             ... on level 3 of the Dungeon.
             The game lasted 00:04:06 (2190 turns).

inmateoo the Cudgeler (Demonspawn Gladiator)        Turns: 2190, Time: 00:04:08

Health: -3/39      AC:  6    Str: 16 (17) XL:     5   Next: 1%
Magic:  0/5        EV: 17    Int:  6 (9)  God:
Gold:   103        SH:  0    Dex: 17 (18) Spells: 0 memorised, 4 levels left

rFire  + . .     SeeInvis .     a - +1 flail
rCold  + . .     Gourm    .     j - +0 ring mail (curse)
rNeg   . . .     Faith    .     (no shield)
rPois  +         Spirit   +     c - +0 helmet
rElec  +         Dismiss  .     (no cloak)
rCorr  +         Reflect  .     (no gloves)
SustAt .         Harm     .     (no boots)
MR     .....                    (no amulet)
Stlth  ++........               (no ring)
                                (no ring)

@: agile, lethally poisoned (-3 -> -4), resistant, not resistant to hostile
enchantments, unstealthy
A: claws 1, magic shield, magic regeneration
a: no special abilities


You were on level 3 of the Dungeon.
You were hungry.

You visited 1 branch of the dungeon, and saw 3 of its levels.

You collected 103 gold pieces.

Inventory:

Hand Weapons
 a - a +1 flail (weapon)
Missiles
 d - 2 throwing nets (quivered)
Armour
 b - a +0 leather armour
 c - a +0 helmet (worn)
 j - a cursed +0 ring mail (worn)
 r - a +2 chain mail of cold resistance
Jewellery
 o - an uncursed ring of fire
Scrolls
 h - a scroll of identify
 k - 4 scrolls of enchant weapon
Potions
 e - a potion of flight
 i - a potion of might
 n - a potion of agility
 q - 2 potions of lignification
Comestibles
 f - 4 bread rations
 m - 3 fruits
 p - 2 chunks of flesh


   Skills:
 + Level 2.4 Fighting
 + Level 4.8 Maces & Flails
 - Level 1.7 Throwing
 + Level 1.0 Armour
 - Level 2.6 Dodging


You had 4 spell levels left.
You didn't know any spells.

Dungeon Overview and Level Annotations

Branches:
Dungeon (3/15)

Altars:


Innate Abilities, Weirdness & Mutations

You have sharp fingernails.
When hurt, damage is shared between your health and your magic reserves.
You regenerate magic rapidly.


Message History

You feel weakened.
You feel dopey.
You feel clumsy.
You feel sick. The goblin barely misses you.
You sock the goblin!
You kill the goblin!
You are feeling hungry.
You hit the orc priest but do no damage.
The orc priest misses you.
You hit the orc priest but do no damage.
The orc priest misses you.
You hit the orc priest.
The orc priest is moderately wounded.
You feel sick.
The orc priest miscasts a cantrip.
You sock the orc priest!
The orc priest is almost dead.
The orc priest calls down the wrath of Beogh upon you.
You barely resist.
The orc priest mumbles some strange prayers to Beogh against you.
Beogh smites you!
You die...

###
################.#
#.o@.............#
#.##############.#
#.# #.# #s# #.#
######'## #.#
...###....oK.# #.#
.........†.g.# #.#
.........o..##### #.#
#####................
#.#


You could see an orc priest.

Vanquished Creatures
  Terence (D:2)
  5 adders
  2 worms (D:2)
  3 dart slugs
  2 giant geckos
  An orc (D:3)
  2 ball pythons (D:3)
  5 bats
  3 giant cockroaches
  6 goblins
  2 hobgoblins
  11 kobolds
  2 giant newts (D:2)
  11 rats
56 creatures vanquished.

Vanquished Creatures (others)
  4 toadstools (D:1)
4 creatures vanquished.

Grand Total: 60 creatures vanquished

Notes
Turn   | Place    | Note
-------+----------+-------------------------------------------
     0 | D:1      | inmateoo the Demonspawn Gladiator began the quest for the Orb.
     0 | D:1      | Reached XP level 1. HP: 16/16 MP: 1/1
   155 | D:1      | Reached skill level 3 in Maces & Flails
   208 | D:1      | Gained mutation: You have sharp fingernails. [demonic ancestry]
   208 | D:1      | Reached XP level 2. HP: 19/22 MP: 2/2
  1297 | D:2      | Gained mutation: When hurt, damage is shared between your health and your magic reserves. [demonic ancestry]
  1297 | D:2      | Reached XP level 3. HP: 25/27 MP: 3/3
  1317 | D:2      | Reached skill level 4 in Maces & Flails
  1531 | D:2      | Noticed Terence
  1562 | D:2      | Killed Terence
  1562 | D:2      | Reached XP level 4. HP: 20/33 MP: 4/4
  2099 | D:3      | Reached skill level 1 in Armour
  2182 | D:3      | Gained mutation: You regenerate magic rapidly. [demonic ancestry]
  2182 | D:3      | Reached XP level 5. HP: 18/39 MP: 5/5
  2190 | D:3      | Killed from afar by an orc priest

Vault maps used:
D:1:      ldierk_water_garden, patterned_corridor
D:2:      first_bread, uniq_terence
D:3:      nicolae_qazlal_eye_of_the_storm, uniq_crazy_yiuf_cottage

Skill      XL: |  1  2  3  4 |
---------------+-------------+-----
Maces & Flails | 3 4 |  4.8
Armour         | 1 |  1.0
Fighting       | |  2.4
Throwing       | |  1.7
Dodging        | |  2.6

Action                   |  1- 3 |  4- 6 || total
-------------------------+-------+-------++-------
Melee: Flail             |   129 |    89 ||   218
Throw: Throwing net      |     1 |       ||     1
  Use: Scroll            |       |     5 ||     5
       Potion            |       |     3 ||     3
  Eat: Chunk             |     2 |     2 ||     4
Armor: Leather armour    |    14 |       ||    14
       Ring mail         |    33 |    39 ||    72
Dodge: Dodged            |    90 |    54 ||   144
